 Dungeon Crawl Stone Soup version 0.31-a0-614-gc85dc1c48c (webtiles) character file.

Game seed: 2163811241280082854

110 AdnanSaban the Cudgeller (level 4, -1/29 HPs)
             Began as a Gargoyle Fighter on Aug 22, 2023.
             Slain by a gnoll
             ... wielding a +1 flail of venom
              (5 damage)
             ... on level 3 of the Dungeon.
             The game lasted 00:01:41 (1985 turns).

AdnanSaban the Cudgeller (Gargoyle Fighter)         Turns: 1985, Time: 00:01:41

Health: -1/29      AC: 12    Str: 21    XL:     4   Next: 91%
Magic:  4/4        EV:  8    Int:  9    God:
Gold:   119        SH:  8    Dex:  9    Spells: 3/3 levels left

rFire   . . .        a - +0 flail
rCold   . . .        n - +0 kite shield
rNeg    + . .        b - +0 scale mail
rPois   ∞            (no helmet)
rElec   +            m - +0 cloak
rCorr   .            (no gloves)
SInv    .            i - +0 pair of boots
Will    .....        (no amulet) Stlth
                     (no ring)
HPRegen 0.24/turn    (no ring)
MPRegen 0.09/turn

%: no passive effects
@: no status effects
A: sickness immunity, AC +3, negative energy resistance 1, electricity
resistance, torment resistance 1, petrification resistance
a: no special abilities


You were on level 3 of the Dungeon.
You visited 1 branch of the dungeon, and saw 3 of its levels.

You collected 119 gold pieces.

Inventory:

Hand Weapons
 a - a +0 flail (weapon)
Armour
 b - a +0 scale mail (worn)
 i - a +0 pair of boots (worn)
 m - a +0 cloak (worn)
 n - a +0 kite shield (worn)
Scrolls
 e - a scroll of enchant armour {unknown}
 f - 2 scrolls of identify {unknown}
 g - a scroll of poison {unknown}
 j - a scroll of teleportation {unknown}
 k - 2 scrolls of summoning {unknown}
Potions
 d - 3 potions of might
 h - a potion of magic {unknown}
 l - a potion of enlightenment {unknown}


   Skills:
 + Level 3.7 Fighting
 + Level 3.9 Maces & Flails
 + Level 3.7 Armour
 + Level 0.2 Dodging
 + Level 3.8 Shields


You had 3 spell levels left.
You didn't know any spells.
Your spell library was empty.

Dungeon Overview and Level Annotations

Branches:
Dungeon (3/15)

Altars:
Sif Muna


Innate Abilities, Weirdness & Mutations

You are immune to sickness and miasma.
Your stone body is resilient. (AC +3)
You are immune to poison.
You resist negative energy. (rN+)
You are resistant to electric shocks. (rElec)
You are resistant to unholy torment.
You are immune to petrification.


Message History

There are monsters nearby!
There are monsters nearby!
A gnoll comes into view. It is wielding a +0 flail.
The gnoll hits you with a +1 flail of venom!
You hit the gnoll but do no damage. You block the gnoll's attack.
The gnoll hits you but does no damage.
The gnoll hits you with a +1 flail of venom!
The gnoll hits you but does no damage.
You closely miss the gnoll.
The gnoll hits you from afar with a +0 spear.
You block the gnoll's attack.
You are too injured to fight recklessly!
You are too injured to fight recklessly!
You are too injured to fight recklessly!
You are too injured to fight recklessly!
You are too injured to fight recklessly!
You are too injured to fight recklessly!
You are too injured to fight recklessly!
You are too injured to fight recklessly!
You are too injured to fight recklessly!
You are too injured to fight recklessly!
You are too injured to fight recklessly!
You are too injured to fight recklessly!
You are too injured to fight recklessly!
You are too injured to fight recklessly!
You are too injured to fight recklessly!
There is an open door here.
The gnoll attacks as it pursues you!
The gnoll hits you with a +1 flail of venom.
* * * LOW HITPOINT WARNING * * *
The gnoll attacks as it pursues you! The gnoll hits you but does no damage.
There is an open door here.
The gnoll attacks as it pursues you!
The gnoll hits you with a +1 flail of venom!
* * * LOW HITPOINT WARNING * * *
Found 14 gold pieces.
The gnoll attacks as it pursues you! The gnoll closely misses you.
The gnoll attacks as it pursues you!
The gnoll hits you with a +1 flail of venom.
You die...

.......g#.............###
........#......########
........###+##.#
........# #.##.##
........###'##†.##
........g.g......#
########.......#.#
#.......#.# #....g.g@.#
#.......#.# #.......#>#
#...#..[#.# #...#....$#
#.##...#..# #. ....#....
#..#.##...#.


You could see 4 gnolls.

Vanquished Creatures
  Terence (D:2)
  2 adders (D:2)
  2 worms (D:2)
  8 dart slugs
  5 bats
  4 endoplasms
  2 giant cockroaches (D:1)
  2 goblins
  6 hobgoblins
  A quokka (D:1)
  2 frilled lizards
  6 kobolds
  3 rats
44 creatures vanquished.

Vanquished Creatures (others)
  A kobold (D:2)
1 creature vanquished.

Grand Total: 45 creatures vanquished

Notes
Turn   | Place    | Note
-------+----------+-------------------------------------------
     0 | D:1      | AdnanSaban the Gargoyle Fighter began the quest for the
                  | Orb.
     0 | D:1      | Reached XP level 1. HP: 14/14 MP: 1/1
   204 | D:1      | Reached XP level 2. HP: 19/19 MP: 2/2
   344 | D:1      | You fall into a shaft and drop 1 floor!
   475 | D:2      | Reached XP level 3. HP: 19/23 MP: 3/3
  1237 | D:2      | Noticed Terence
  1257 | D:2      | Killed Terence
  1258 | D:2      | Reached XP level 4. HP: 20/28 MP: 4/4
  1907 | D:3      | Found a shimmering blue altar of Sif Muna.
  1985 | D:3      | Slain by a gnoll

Illustrated notes

Levels and vault maps discovered:
D:1:      evilmike_arrival_rings, layout_basic
D:2:      layout_loops_ring, uniq_terence
D:3:      layout_basic, nicolae_sif_muna_condensation, nicolae_ru_awakened_eye,
          hangedman_decor_points, dk_vineyard_2

Skill      XL: |  1  2  3 |
---------------+----------+-----
Maces & Flails | 3 |  3.9
Fighting       | |  3.7
Armour         | |  3.7
Dodging        | |  0.2
Shields        | |  3.8

Action                     |  1- 3 |  4- 6 || total
---------------------------+-------+-------++-------
  Melee: Flail             |   101 |    50 ||   151
 Armour: Scale mail        |    51 |    43 ||    94
  Dodge: Dodged            |    61 |    29 ||    90
  Block: Buckler           |    19 |     4 ||    23
         Kite shield       |       |     9 ||     9

Table legend: (Time is in decaauts)
 A = Elapsed time spent in this place.
 B = Non-inter-level travel time spent in this place.
 C = Inter-level travel time spent in this place.
 D = Time resting spent in this place.
 E = Time spent auto-exploring this place.
 F = Levels seen in this place.
 G = Mean time per level.
                   A        B        C        D        E       F      G
               +--------+--------+--------+--------+--------+-----+--------+
         Total |   2030 |   1920 |    110 |      0 |   1502 |   3 |  676.7 |
       Dungeon |   2030 |   1920 |    110 |      0 |   1502 |   3 |  676.7 |
               +--------+--------+--------+--------+--------+-----+--------+

Top non-repeatable levels by time:
     D:1: 1108 daAuts
     D:2: 808 daAuts
     D:3: 113 daAuts
